 Dungeon Crawl Stone Soup version 0.15-a0-895-g19c7863 (console) character file.

7151 Mottled the Bludgeoner (level 11, -5/123 HPs)
             Began as an Ogre Chaos Knight on May 19, 2014.
             Was a Plaything of Xom.
             Slain by a blue devil (15 damage)
             ... in an ice cave.
             The game lasted 00:32:00 (4758 turns).

Mottled the Bludgeoner (Ogre Chaos Knight)          Turns: 4758, Time: 00:32:00

HP  -5/123       AC 11     Str 25      XL: 11   Next: 10%
MP   9/9         EV 10     Int 11      God: Xom
Gold 407         SH  2     Dex 12      Spells:  1 memorised,  9 levels left

rFire  + . .     SeeInvis .     u - +0 giant spiked club
rCold  + . .     Clarity  .     b - +2 robe
rNeg   . . .     Conserve .     (shield restricted)
rPois  +         rCorr    .     (helmet restricted)
rElec  +         rRot     .     L - +1 cloak
SustAb .         Spirit   .     (gloves unavailable)
rMut   .         Warding  .     (boots unavailable)
Gourm  +         Stasis   .     f - amulet of the gourmand
MR     +....                    q - +6 ring of strength
                                k - +2 ring of protection

@: very slightly contaminated, somewhat resistant to hostile enchantments, very
unstealthy
A: unfitting armour, large bone plates 1, low mp 1, tough skin 1, wild magic 1
a: Renounce Religion


You were in an ice cave.
You worshipped Xom.
You were a toy of Xom.
You were not hungry.

You visited 2 branches of the dungeon, and saw 11 of its levels.
You also visited: Ice Cave.

You collected 407 gold pieces.

Inventory:

Hand weapons
 j - a +0,+0 dire flail
 u - a +0,+0 giant spiked club (weapon)
 H - a +2,+1 hammer of protection
 I - a +0 blowgun
 P - a +0,+0 scythe
 Q - the +8,+10 spear "Khaow" {pain, rF+}
   (You found it on level 7 of the Dungeon)

   In the hands of one skilled in necromantic magic, it inflicts extra damage on
   living creatures.
   It protects you from fire.
Missiles
 h - a javelin (quivered)
 F - 7 tomahawks
 N - 8 poisoned tomahawks
Armour
 b - a +2 robe (worn)
 L - a +1 cloak (worn)
Magical devices
 g - a wand of confusion (6)
 x - a wand of confusion (2)
 A - a wand of magic darts (12)
 T - a wand of polymorph (12)
 Y - a wand of paralysis (6)
Comestibles
 a - 4 strawberries
 n - a bread ration
 r - a rambutan
 t - a honeycomb
 v - a meat ration
 C - 2 apples
 E - a choko
 J - a cheese
 X - 6 beef jerkies
Scrolls
 d - 3 scrolls of immolation {unknown}
 e - a scroll of recharging {unknown}
 l - 3 scrolls of enchant weapon I {unknown}
 m - 2 scrolls of teleportation {unknown}
 p - 5 scrolls of remove curse
 B - a scroll of magic mapping
 U - 2 scrolls of enchant weapon II {unknown}
 W - a scroll of fear {unknown}
Jewellery
 f - an amulet of the gourmand (around neck)
 k - a +2 ring of protection (left hand)
 o - the amulet of Day {Clar Str-5 Int+3}
   (You found it on level 5 of the Dungeon)

   [amulet of clarity]

   It provides mental clarity.
   It affects your strength (-5).
   It affects your intelligence (+3).
 q - a +6 ring of strength (right hand)
 y - an uncursed ring of fire


   Skills:
 - Level 12.0 Fighting
 + Level 15.8 Maces & Flails
 - Level 7.0 Throwing
 - Level 2.1 Dodging


You had 9 spell levels left.
You knew the following spells:

 Your Spells              Type           Power        Failure   Level  Hunger
a - Summon Butterflies    Summ           #.......     50%         1    ##.....


Dungeon Overview and Level Annotations

Branches:
Dungeon (9/15)               Lair (2/8) D:9
 Temple: D:4-7          Orc: D:9-12

Altars:
Cheibriados
Dithmenos
Elyvilon
Kikubaaqudgha
Qazlal
Sif Muna
Zin
The Shining One


Innate Abilities, Weirdness & Mutations

You are too large for most types of armour.
You have tough skin (AC +1).
You are partially covered in large bone plates (AC +2, SH +2).
Your magical capacity is low (-10% MP).
Your spells are a little harder to cast, but a little more powerful.


Message History

The ice statue is almost destroyed.
You puncture the ice statue!
You destroy the ice statue!
The ice beast disappears in a puff of smoke!
Your extra speed is starting to run out.
An ufetubus comes into view.
The ufetubus shouts!
Found a giant spiked club of freezing.
Found a claymore of freezing.
You spit the ufetubus like a pig!!!
You kill the ufetubus!
You feel yourself slow down.
A blue devil comes into view.
The blue devil misses you.
You hit the blue devil but do no damage.
The blue devil hits you!
* * * LOW HITPOINT WARNING * * *
You barely miss the blue devil. The blue devil hits you!
You die...
Xom giggles madly!

####
##).#
#)..##
#....#
#....##
#@4..#
##.#.##
#..### .#
#...##..#
#.......#
#..#...##
##..#..##
#...####
#..##


You could see a blue devil.

Vanquished Creatures
  2 ice statues (IceCv)
  Pikel (D:8)
  Joseph (D:8)
  A spiny frog (Lair:2)
  Grinder (D:6)
  Prince Ribbit (D:4)
  5 yaks (Lair:1)
  Menkaure (D:5)
  2 water moccasins
  A porcupine (Lair:1)
  A sky beast (D:9)
  14 ice beasts
  3 crocodiles
  2 ogres
  Sigmund (D:7)
  Duvessa (D:8)
  2 giant slugs (Lair:1)
  2 giant frogs
  Blork the orc (D:5)
  A big kobold (D:6)
  A scorpion (Lair:2)
  Dowan (D:8)
  6 crimson imps
  A giant frog zombie (D:9)
  A centaur skeleton (D:6)
  7 hounds
  Crazy Yiuf (D:5)
  2 orc priests
  3 iguanas
  6 orc wizards
  Natasha (twice) (D:4)
  2 worker ants
  A big kobold skeleton (D:9)
  12 adders
  5 gnolls
  A green rat (D:9)
  A shadow imp (D:7)
  2 giant mites
  8 white imps (IceCv)
  3 ufetubi (IceCv)
  A worm (D:5)
  2 orc skeletons
  28 orcs
  5 bats
  A bat skeleton (D:3)
  8 goblins
  16 hobgoblins
  6 quokkas
  2 giant cockroaches (D:3)
  2 giant geckos
  A giant newt (D:6)
  15 kobolds
  A kobold skeleton (D:5)
  An orc zombie (D:5)
  A quokka zombie (D:6)
  19 rats
  A rat zombie (D:8)
  A plant (D:9)
221 creatures vanquished.

Vanquished Creatures (others)
  An iron imp (Lair:1)
  An adder (D:8)
  A scorpion zombie (D:8)
  A white imp (IceCv)
  A worm (D:8)
  2 ufetubi (IceCv)
  A giant gecko (D:8)
  A plant (D:9)
9 creatures vanquished.

Grand Total: 230 creatures vanquished

Notes
Turn   | Place    | Note
--------------------------------------------------------------
     0 | D:1      | Mottled, the Ogre Chaos Knight, began the quest for the Orb.
     0 | D:1      | Reached XP level 1. HP: 24/24 MP: 1/1
   225 | D:1      | Reached XP level 2. HP: 29/32 MP: 2/2
   295 | D:1      | XOM: potion effect (agility)
   362 | D:2      | Reached skill level 5 in Maces & Flails
   565 | D:2      | XOM: mild Ice miscast
   591 | D:2      | Reached XP level 3. HP: 37/39 MP: 3/3
   722 | D:3      | Reached skill level 6 in Maces & Flails
   797 | D:4      | XOM: mild Trmt miscast
   805 | D:3      | Reached XP level 4. HP: 14/48 MP: 4/4
   907 | D:3      | XOM: silly message
   912 | D:3      | Reached skill level 7 in Maces & Flails
  1008 | D:3      | Found a glowing silver altar of Zin.
  1043 | D:3      | Reached skill level 1 in Throwing
  1043 | D:3      | Reached XP level 5. HP: 45/54 MP: 5/5
  1165 | D:4      | Found a shadowy altar of Dithmenos.
  1224 | D:4      | Noticed Natasha
  1238 | D:4      | Killed Natasha
  1258 | D:4      | Reached XP level 6. HP: 50/62 MP: 6/6
  1374 | D:4      | Reached skill level 8 in Maces & Flails
  1457 | D:4      | Noticed Natasha
  1458 | D:4      | Killed Natasha
  1464 | D:4      | Noticed Prince Ribbit
  1467 | D:4      | Gained mutation: Your magical capacity is low (-10% MP). [potion of mutation]
  1467 | D:4      | Gained mutation: Your spells are a little harder to cast, but a little more powerful. [potion of mutation]
  1467 | D:4      | Gained mutation: You are partially covered in large bone plates (AC +2, SH +2). [potion of mutation]
  1474 | D:4      | Killed Prince Ribbit
  1474 | D:4      | Reached skill level 5 in Throwing
  1474 | D:4      | Reached XP level 7. HP: 51/70 MP: 6/6
  1492 | D:4      | Noticed an air elemental
  1494 | D:4      | Found a stormy altar of Qazlal.
  1498 | D:4      | Noticed a fire elemental
  1561 | D:4      | XOM: potion effect (brilliance)
  1629 | D:4      | XOM: harmless Pois miscast
  1641 | D:5      | Entered Level 5 of the Dungeon
  1644 | D:5      | Reached skill level 9 in Maces & Flails
  1690 | D:5      | Got a slimy platinum amulet
  1692 | D:5      | Identified the amulet of Day {Clar Str-5 Int+3} (You found it on level 5 of the Dungeon)
  1747 | D:5      | Noticed Crazy Yiuf
  1750 | D:5      | Killed Crazy Yiuf
  1797 | D:5      | Noticed Menkaure
  1802 | D:5      | XOM: chaos upgrade
  1804 | D:5      | Reached skill level 10 in Maces & Flails
  1809 | D:5      | Killed Menkaure
  1809 | D:5      | Reached XP level 8. HP: 21/78 MP: 7/7
  1943 | D:5      | Noticed Blork the orc
  1958 | D:5      | Killed Blork the orc
  1958 | D:5      | XOM: silly message
  2106 | D:5      | XOM: harmless Conj miscast
  2193 | D:5      | XOM: divination: magic mapping
  2227 | D:5      | XOM: harmless Fire miscast
  2243 | D:5      | XOM: potion effect (berserk rage)
  2244 | D:5      | XOM: silly message
  2250 | D:5      | Reached skill level 5 in Fighting
  2337 | D:5      | Reached skill level 11 in Maces & Flails
  2492 | D:6      | Noticed Grinder
  2506 | D:6      | XOM: harmless Conj miscast
  2508 | D:6      | Killed Grinder
  2571 | D:6      | XOM: silly message
  2750 | D:7      | Found a glowing golden altar of the Shining One.
  2784 | D:7      | Found an ancient bone altar of Kikubaaqudgha.
  2793 | D:7      | XOM: snakes to sticks
  2805 | D:7      | XOM: mild Erth miscast
  2830 | D:7      | Noticed Sigmund
  2856 | D:7      | Killed Sigmund
  2856 | D:7      | Reached XP level 9. HP: 87/96 MP: 8/8
  2919 | D:7      | Got a transparent spear
  2988 | D:8      | Noticed Joseph
  2992 | D:8      | XOM: mild Summ miscast
  2998 | D:8      | Killed Joseph
  2998 | D:8      | Reached skill level 12 in Maces & Flails
  3153 | D:8      | XOM: mild Pois miscast
  3164 | D:8      | Noticed Pikel
  3172 | D:8      | XOM: potion effect (agility)
  3174 | D:8      | Killed Pikel
  3174 | D:8      | Reached skill level 10 in Fighting
  3225 | D:8      | Found a white marble altar of Elyvilon.
  3251 | D:7      | XOM: enchant monster (good)
  3258 | D:7      | Found a snail-covered altar of Cheibriados.
  3298 | D:8      | Found a deep blue altar of Sif Muna.
  3341 | D:8      | Noticed Dowan
  3342 | D:8      | Noticed Duvessa
  3394 | D:8      | Killed Duvessa
  3395 | D:8      | Killed Dowan
  3546 | D:9      | Reached XP level 10. HP: 113/113 MP: 9/9
  3550 | D:9      | Reached skill level 13 in Maces & Flails
  3605 | D:9      | Found a staircase to the Lair.
  3742 | D:9      | XOM: noise
  3791 | Lair:1   | Entered Level 1 of the Lair of Beasts
  3861 | Lair:1   | XOM: vitrification
  3898 | Lair:1   | XOM: confuse monster(s)
  3995 | Lair:1   | Noticed a seven-headed hydra
  4003 | Lair:1   | XOM: summons friendly iron imp
  4011 | Lair:1   | XOM: confuse monster(s)
  4020 | Lair:1   | XOM: harmless Summ miscast
  4068 | Lair:2   | XOM: cast spell 'Dispersal'
  4126 | Lair:1   | XOM: potion effect (heal wounds)
  4210 | Lair:1   | Learned a level 1 spell: Summon Butterflies
  4221 | Lair:1   | XOM: potion effect (agility)
  4234 | Lair:1   | Reached skill level 14 in Maces & Flails
  4269 | Lair:1   | Found a frozen archway.
  4337 | IceCv    | Entered an ice cave
  4536 | IceCv    | Noticed an ice statue
  4536 | IceCv    | Noticed an ice statue
  4589 | IceCv    | Identified the +8,+10 spear "Khaow" {pain, rF+} (You found it on level 7 of the Dungeon)
  4721 | IceCv    | Killed an ice statue
  4721 | IceCv    | Reached skill level 15 in Maces & Flails
  4721 | IceCv    | Reached XP level 11. HP: 44/123 MP: 9/9
  4733 | IceCv    | Killed an ice statue
  4758 | IceCv    | Slain by a blue devil

Action                   |  1- 3 |  4- 6 |  7- 9 | 10-12 || total
-------------------------+-------+-------+-------+-------++-------
Melee: Mace              |    63 |       |       |       ||    63
       Morningstar       |    29 |    92 |    32 |       ||   153
       Dire flail        |       |       |   194 |   240 ||   434
       Giant spiked club |       |       |       |    19 ||    19
Throw: Javelin           |       |     2 |    28 |     3 ||    33
       Large rock        |       |       |     5 |    21 ||    26
       Tomahawk          |       |       |     5 |     4 ||     9
       Throwing net      |       |       |       |     1 ||     1
Evoke: Wand              |       |       |     6 |     4 ||    10
  Use: Scroll            |       |     1 |    10 |     1 ||    12
       Potion            |       |     1 |     4 |     2 ||     7
 Stab: Petrifying        |     1 |       |     1 |       ||     2
       Held in net/web   |       |       |       |     2 ||     2
